 Dungeon Crawl Stone Soup version 0.20.0 (webtiles) character file.

41763 Llamajah the Cleaver (level 14, -7/113 HPs)
             Began as a Formicid Fighter on June 16, 2017.
             Was a High Priest of Okawaru.
             Killed from afar by a raiju (15 damage)
             ... with a living lightning
             ... on level 2 of the Abyss.
             The game lasted 01:01:02 (18083 turns).

Llamajah the Cleaver (Formicid Fighter)            Turns: 18083, Time: 01:01:03

Health: -7/113     AC: 20    Str: 26    XL:     14   Next: 51%
Magic:  14/14      EV: 14    Int:  7    God:    Okawaru [*****.]
Gold:   686        SH: 15    Dex: 17    Spells: 13/13 levels left

rFire    + . .     SeeInvis +   B - +0 battleaxe (venom)
rCold    . . .     Gourm    .   x - +2 shield
rNeg     . . .     Faith    .   d - +1 plate armour {rF+}
rPois    .         Spirit   .   (helmet unavailable)
rElec    .         Reflect  .   e - +0 cloak
rCorr    .         Harm     .   F - +0 pair of gloves
MR       +....                  T - +0 pair of boots (curse)
Stlth    ..........             (no amulet)
Regen    0.3/turn               H - +3 ring of strength
MPRegen  0.2/turn               L - +3 ring of dexterity

@: no status effects
A: permanent stasis, dig shafts and tunnels, four strong arms, antennae 3
a: Dig, Shaft Self, Heroism, Finesse, Renounce Religion


You were on level 2 of the Abyss.
You worshipped Okawaru.
Okawaru was extremely pleased with you.
You were not hungry.

You visited 3 branches of the dungeon, and saw 18 of its levels.
You visited the Abyss 1 time.
You also visited: Sewer.

You collected 1084 gold pieces.
You spent 398 gold pieces at shops.

Inventory:

Hand Weapons
 B - a +0 battleaxe of venom (weapon)
 P - a +0 morningstar of freezing
 R - a +2 battleaxe of flaming
Armour
 d - a +1 plate armour of fire resistance (worn)
 e - a +0 cloak (worn)
 x - a +2 shield (worn)
 F - a +0 pair of gloves (worn)
 T - a cursed +0 pair of boots (worn)
Jewellery
 H - a +3 ring of strength (left hand)
 I - an uncursed ring of protection from magic
 L - a +3 ring of dexterity (right hand)
 N - an uncursed ring of poison resistance
Wands
 b - a wand of clouds (0/9)
 i - a wand of polymorph (13/24)
 j - a wand of lightning (5/15)
 m - a wand of acid (0/15)
 y - a wand of acid (3/15)
 C - a wand of lightning (9/15)
 E - a wand of lightning (6/15)
 G - a wand of polymorph (13/24)
 K - a wand of polymorph (14/24)
 Q - a wand of disintegration (11/24)
 W - a wand of flame (9/48)
 Y - a wand of lightning (5/15)
Scrolls
 l - 3 scrolls of enchant armour
 n - 2 scrolls of fog
 q - 3 scrolls of fear
 v - 6 scrolls of recharging
 w - 3 scrolls of magic mapping
 z - 4 scrolls of amnesia
 A - 2 scrolls of enchant weapon
 D - 14 scrolls of remove curse
 S - a scroll of silence
Potions
 a - a potion of magic
 h - 4 potions of heal wounds
 r - 3 potions of brilliance
 s - 4 potions of flight
 t - 4 potions of curing
 u - 3 potions of agility
 J - 2 potions of cancellation
 M - a potion of invisibility
 O - a potion of ambrosia
 Z - a potion of mutation {unknown}
Books
 p - a book of Callings

   Spells                             Type                      Level
   a - Summon Small Mammal            Summoning                    1
   b - Call Imp                       Summoning                    2
   c - Call Canine Familiar           Summoning                    3
   d - Summon Guardian Golem          Hexes/Summoning              3
   e - Summon Lightning Spire         Summoning/Air                4
   f - Summon Ice Beast               Ice/Summoning                4
Comestibles
 c - 5 chunks of flesh
 f - 14 bread rations
 g - 7 meat rations
 k - 4 fruits
 o - 8 royal jellies


   Skills:
 + Level 11.2 Fighting
 * Level 13.3 Axes
 + Level 11.4 Armour
 + Level 10.3 Dodging
 - Level 11.8 Shields


You had 13 spell levels left.
You didn't know any spells.

Dungeon Overview and Level Annotations

Branches:
Dungeon (13/15)            Temple (1/1) D:7            Lair (4/6) D:11
 Shoals (0/4) Lair:2        Snake (0/4) Lair:4          Orc (0/2) D:9
 Vaults (0/5) D:13

Altars:
Ashenzari
Dithmenos
Fedhas
Gozag
Kikubaaqudgha
Makhleb
Nemelex Xobeh
Okawaru
Qazlal
Ru
Sif Muna
Vehumet
Zin
The Shining One

Shops:
D:5 *   D:8 *

Annotations:
Lair:1 exclusion: oklob plant
Lair:4 Sonja


Innate Abilities, Weirdness & Mutations

You cannot be hasted, slowed, berserked, paralysed or teleported.
You can dig through walls and to a lower floor.
Your four strong arms can wield two-handed weapons with a shield.
You have a pair of large antennae on your head. (SInv)


Message History

The raiju bursts into living lightning!
The living lightning hits you!
The raiju blinks!
The raiju bites you but does no damage.
You feel yourself growing ill in the presence of the ancient zyme.
An ancient zyme comes into view.
The raiju looks sick.
You slash the raiju!
The raiju looks as sick as possible!
The raiju is heavily wounded.
The raiju bites you but does no damage. x2
You barely miss the raiju.
The raiju is heavily wounded.
You closely miss the raiju.
The raiju bursts into living lightning!
The living lightning hits you!
* * * LOW HITPOINT WARNING * * *
The living lightning hits the raiju.
The raiju completely resists.
The raiju blinks!
The raiju bursts into living lightning!
The living lightning hits you!
You die...

........ ..........#..
.....(.......... .... .
............h..... . .
#.....#.....# ........ .
##...###.h.## ....#...
..#.....#.....#...#..#..
.....................#..
.......h............. .
.......@.....$.... .. .
..#...§.#.....#......#..
##...###...###... #....
.....# ... ≈≈≈...
...x... #.≈≈≈≈. .....
....≈≈≈ ..... ##...#≈


You could see an ancient zyme and 3 raiju.

Vanquished Creatures
  Gastronok (Lair:2)
  A fire dragon (D:13)
  Erolcha (D:10)
  Harold (D:10)
  2 hydras
  A catoblepas (Lair:4)
  2 dancing weapons (D:13)
  8 two-headed ogres
  The ghost of spsoon the Zephyrmancer, a novice TeAE of Okawaru (D:6)
  A cyclops (D:10)
  An ugly thing (D:13)
  2 deep elf magi (D:13)
  A manticore (D:11)
  3 centaur zombies (D:13)
  Joseph (D:10)
  An elephant (Lair:1)
  4 black mambas
  2 komodo dragons
  2 spiny frogs
  The ghost of plsesad the Digger, a novice GrEE (D:7)
  3 trolls
  2 polar bears (Lair:3)
  10 blink frogs
  A meliai zombie (D:13)
  7 dream sheep (Lair:4)
  7 hippogriffs
  3 wraiths
  A shadow (D:11)
  A vampire (D:8)
  2 wyverns
  4 hogs (D:7)
  39 yaks
  3 basilisks
  A human (D:7)
  Eustachio (D:6)
  A soldier ant (D:13)
  14 water moccasins
  A porcupine (Lair:2)
  3 black bears
  An ice beast (D:5)
  7 orc warriors
  3 ogres
  A phantom (D:13)
  16 centaurs
  9 crocodiles
  3 big kobolds
  Blork the orc (D:6)
  11 bullfrogs
  A wyvern zombie (D:7)
  6 scorpions
  16 killer bees
  7 wights (D:6)
  6 howler monkeys
  6 crimson imps
  A bullfrog zombie (D:8)
  12 hounds
  A human zombie (D:4)
  5 jellies
  5 orc priests
  2 centaur skeletons
  11 orc wizards
  4 iguanas
  Natasha (twice) (D:3)
  11 worker ants
  A hound skeleton (D:5)
  A worker ant zombie (D:11)
  Robin (D:4)
  3 howler monkey skeletons
  10 adders
  A river rat (D:3)
  4 shadow imps
  4 oozes
  3 worms
  An adder skeleton (D:9)
  3 dart slugs
  5 leopard geckos
  43 orcs
  8 bats
  10 giant cockroaches
  10 goblins
  8 hobgoblins
  7 jackals
  19 kobolds
  9 quokkas
  5 ball pythons
  4 frilled lizards
  A jackal skeleton (D:9)
  11 rats
  3 fungi
  4 plants (Lair:4)
468 creatures vanquished.

Vanquished Creatures (others)
  A human (D:4)
  12 toadstools (Lair:1)
13 creatures vanquished.

Grand Total: 481 creatures vanquished

Notes
Turn   | Place    | Note
-------+----------+-------------------------------------------
     0 | D:1      | Llamajah the Formicid Fighter began the quest for the Orb.
     0 | D:1      | Reached XP level 1. HP: 18/18 MP: 1/1
   397 | D:1      | Reached XP level 2. HP: 22/24 MP: 2/2
   399 | D:1      | Reached skill level 1 in Dodging
   663 | D:2      | Reached XP level 3. HP: 24/29 MP: 3/3
  1012 | D:2      | Reached XP level 4. HP: 37/37 MP: 4/4
  1126 | D:3      | Found a glowing drain.
  1209 | Sewer    | Entered a sewer
  1395 | Sewer    | Noticed a big kobold
  1412 | Sewer    | Killed a big kobold
  1412 | Sewer    | Reached XP level 5. HP: 4/42 MP: 5/5
  1649 | Sewer    | Noticed a big kobold
  1676 | Sewer    | Killed a big kobold
  1676 | Sewer    | Reached XP level 6. HP: 24/49 MP: 6/6
  2147 | D:3      | Noticed Natasha
  2153 | D:3      | Killed Natasha
  2153 | D:3      | Reached skill level 3 in Axes
  2153 | D:3      | Reached skill level 5 in Shields
  2423 | D:3      | Reached XP level 7. HP: 42/55 MP: 7/7
  2700 | D:3      | Noticed Natasha
  2715 | D:3      | Killed Natasha
  2812 | D:4      | Noticed Robin
  2836 | D:4      | Killed Robin
  3505 | D:4      | Reached skill level 5 in Fighting
  3535 | D:4      | Reached XP level 8. HP: 58/62 MP: 8/8
  4105 | D:4      | Found an ancient bone altar of Kikubaaqudgha.
  4137 | D:4      | Noticed a human
  4140 | D:4      | Killed a human
  4198 | D:5      | Entered Level 5 of the Dungeon
  4359 | D:5      | Reached skill level 5 in Armour
  4375 | D:5      | Found Cifopp's General Store.
  4401 | D:5      | Bought a scroll of remove curse for 33 gold pieces
  4401 | D:5      | Bought a scroll of enchant armour for 82 gold pieces
  4401 | D:5      | Bought a scroll of remove curse for 33 gold pieces
  4407 | D:5      | Reached skill level 5 in Dodging
  4572 | D:5      | Reached skill level 4 in Axes
  4871 | D:5      | Reached XP level 9. HP: 62/69 MP: 9/9
  5032 | D:6      | Noticed spsoon's ghost (novice TeAE)
  5520 | D:6      | Noticed Blork the orc
  5525 | D:6      | Killed Blork the orc
  5954 | D:6      | Killed spsoon's ghost
  5954 | D:6      | Reached skill level 5 in Axes
  6681 | D:6      | Noticed Eustachio
  6733 | D:6      | Killed Eustachio
  6849 | D:7      | Found a glowing golden altar of the Shining One.
  6856 | D:7      | Noticed a hippogriff
  6860 | D:7      | Killed a hippogriff
  6860 | D:7      | Reached XP level 10. HP: 75/77 MP: 10/10
  6904 | D:7      | Reached skill level 6 in Axes
  7291 | D:7      | Found a staircase to the Ecumenical Temple.
  7300 | Temple   | Entered the Ecumenical Temple
  7371 | Temple   | Became a worshipper of Warmaster Okawaru
  7394 | D:7      | Noticed plsesad's ghost (novice GrEE)
  7414 | D:7      | Killed plsesad's ghost
  7681 | D:7      | Reached skill level 7 in Axes
  7722 | D:8      | Noticed a two-headed ogre
  7729 | D:8      | Killed a two-headed ogre
  7729 | D:8      | Reached * piety under Okawaru
  7867 | D:8      | Found Purokk's Assorted Antiques.
  7871 | D:8      | Bought a tourmaline ring for 125 gold pieces
  7871 | D:8      | Bought a potion of heal wounds for 125 gold pieces
  8212 | D:9      | Reached XP level 11. HP: 74/86 MP: 11/11
  8214 | D:9      | Reached ** piety under Okawaru
  8478 | D:9      | Noticed a two-headed ogre
  8492 | D:9      | Killed a two-headed ogre
  8492 | D:9      | Reached skill level 8 in Axes
  8767 | D:9      | Found a staircase to the Orcish Mines.
  8782 | D:9      | Noticed a two-headed ogre
  9181 | D:9      | Reached *** piety under Okawaru
  9274 | D:9      | Killed a two-headed ogre
  9302 | D:9      | Found a shadowy altar of Dithmenos.
  9549 | D:10     | Entered Level 10 of the Dungeon
  9665 | D:10     | Noticed Joseph
  9680 | D:10     | Killed Joseph
  9680 | D:10     | Reached skill level 9 in Axes
  9859 | D:10     | Noticed Harold
  9887 | D:10     | Killed Harold
  9887 | D:10     | Reached **** piety under Okawaru
 10118 | D:10     | Noticed a two-headed ogre
 10124 | D:10     | Killed a two-headed ogre
 10162 | D:10     | Noticed Erolcha
 10175 | D:10     | Killed Erolcha
 10175 | D:10     | Reached ***** piety under Okawaru
 10175 | D:10     | Received a gift from Okawaru
 10175 | D:10     | Reached skill level 10 in Shields
 10175 | D:10     | Reached XP level 12. HP: 87/94 MP: 12/12
 10706 | D:11     | Noticed a two-headed ogre
 10716 | D:11     | Killed a two-headed ogre
 10716 | D:11     | Reached skill level 10 in Axes
 11506 | D:11     | Found a staircase to the Lair.
 12155 | D:12     | Noticed a two-headed ogre
 12163 | D:12     | Killed a two-headed ogre
 12250 | D:12     | Noticed a two-headed ogre
 12256 | D:12     | Killed a two-headed ogre
 12780 | D:12     | Found a stormy altar of Qazlal.
 12871 | D:13     | Noticed a two-headed ogre
 12882 | D:13     | Killed a two-headed ogre
 12882 | D:13     | Reached skill level 11 in Axes
 12882 | D:13     | Reached XP level 13. HP: 77/102 MP: 13/13
 13006 | D:13     | Noticed a fire dragon
 13017 | D:13     | Killed a fire dragon
 13276 | D:13     | Received a gift from Okawaru
 13276 | D:13     | Reached skill level 10 in Fighting
 13276 | D:13     | Reached skill level 10 in Armour
 13551 | D:13     | Found a gate to the Vaults.
 13859 | D:13     | Noticed a five-headed hydra
 14022 | Lair:1   | Entered Level 1 of the Lair of Beasts
 14276 | Lair:1   | Found a blossoming altar of Fedhas.
 14494 | Lair:1   | Noticed a five-headed hydra
 14500 | Lair:1   | Killed a five-headed hydra
 14500 | Lair:1   | Reached skill level 12 in Axes
 14906 | Lair:2   | Found a staircase to the Shoals.
 14930 | Lair:2   | Noticed Gastronok
 14949 | Lair:2   | Killed Gastronok
 15481 | Lair:2   | Reached XP level 14. HP: 104/111 MP: 14/14
 15643 | Lair:2   | Received a gift from Okawaru
 16571 | Lair:3   | Reached skill level 10 in Dodging
 17345 | Lair:4   | Reached skill level 13 in Axes
 17643 | Lair:4   | Found a staircase to the Snake Pit.
 18039 | Lair:4   | Noticed Sonja
 18050 | Lair:4   | Cast into level 2 of the Abyss (Sonja)
 18083 | Abyss:2  | Killed from afar by a raiju

Skill      XL: |  1  2  3  4  5  6  7  8  9 10 11 12 13 14 |
---------------+-------------------------------------------+-----
Dodging        | 1 2 3 4 5 6 7 8 9 10 | 10.3
Shields        | 4 5 6 7 8 10 11 | 11.8
Fighting       | 4 5 6 7 8 9 10 11 | 11.2
Armour         | 4 5 6 7 8 9 10 11 | 11.4
Axes           | 3 4 5 7 9 11 12 13 | 13.3

Action                   |  1- 3 |  4- 6 |  7- 9 | 10-12 | 13-15 || total
-------------------------+-------+-------+-------+-------+-------++-------
Melee: War axe           |    94 |   213 |   339 |       |       ||   646
       Battleaxe         |       |       |    72 |   545 |   521 ||  1138
       Morningstar       |       |       |       |       |    11 ||    11
Invok: Heroism           |       |       |       |     1 |     6 ||     7
 Abil: Dig               |       |       |     4 |     1 |       ||     5
Evoke: Wand              |       |       |     1 |     2 |     8 ||    11
  Use: Potion            |       |     3 |     2 |     1 |     4 ||    10
       Scroll            |       |       |    13 |     4 |     6 ||    23
 Stab: Distracted        |       |       |       |       |     1 ||     1
  Eat: Chunk             |       |     6 |     9 |    19 |    16 ||    50
       Fruit             |       |       |     7 |       |     3 ||    10
Armor: Scale mail        |    50 |    73 |    11 |       |       ||   134
       Plate armour      |       |       |   158 |   194 |   231 ||   583
Dodge: Dodged            |    31 |    92 |   136 |   229 |   242 ||   730
Block: Shield            |    47 |   150 |   292 |   484 |   480 ||  1453
